 Dungeon Crawl Stone Soup version 0.31.0-9-g3a7656b989 (webtiles) character file.

Game seed: 15400680641461341131

149 qw the Shooter (level 4, -3/36 HPs)
             Began as a Demigod Hunter on Feb 2, 2024.
             Slain by an orc
             ... wielding a +0 club
              (5 damage)
             ... on level 4 of the Dungeon.
             The game lasted 00:00:15 (2008 turns).

qw the Shooter (Demigod Hunter)                     Turns: 2008, Time: 00:00:15

Health: -3/36      AC:  3    Str: 12    XL:     4   Next: 82%
Magic:  6/6        EV: 12    Int: 11    God:
Gold:   101        SH:  0    Dex: 21    Spells: 3/3 levels left

rFire   . . .        a - +0 shortbow (drain)
rCold   . . .        (shield currently unavailable)
rNeg    . . .        c - +0 leather armour
rPois   .            (no helmet)
rElec   .            (no cloak)
rCorr   .            (no gloves)
SInv    .            (no boots)
Will    .....        (no amulet)
Stlth   ++           (no ring)
HPRegen 0.26/turn    (no ring)
MPRegen 0.10/turn

%: no passive effects
@: no status effects
A: high MP 1, forlorn, divine attributes
a: no special abilities


You were on level 4 of the Dungeon.
You visited 1 branch of the dungeon, and saw 4 of its levels.

You collected 134 gold pieces.
You spent 33 gold pieces at shops.


Innate Abilities, Weirdness & Mutations

You have an increased reservoir of magic. (+10% MP)
You shall have no god before yourself.
Your divine heritage dramatically boosts your attributes as you level up.


   Skills:
 - Level 2.0 Fighting
 + Level 5.6 Ranged Weapons
 - Level 2.1 Dodging
 - Level 0.8 Stealth


You had 3 spell levels left.
You didn't know any spells.
Your spell library was empty.

Inventory:

Hand Weapons
 a - a +0 shortbow of draining (weapon)
Armour
 c - a +0 leather armour (worn)
Potions
 d - a potion of attraction {unknown}
 e - a potion of curing
 f - a potion of enlightenment {unknown}
 h - a potion of brilliance {unknown}

Dungeon Overview and Level Annotations

Branches:
Dungeon (4/15)
 Temple: D:4-7

Shops:
D:2 (:!=:


Message History

Enter note:
1998 ||| RETREEEEATING.
The orc attacks as it pursues you! The orc hits you with a +0 club.
The orc hits you but does no damage.
There is an escape hatch in the ceiling here.
Enter note:
1999 ||| RETREEEEATING.
The phantom attacks as it pursues you! The phantom hits you.
The orc attacks as it pursues you! The orc hits you but does no damage.
Enter note:
2000 ||| RETREEEEATING.
The phantom attacks as it pursues you! The phantom barely misses you.
Enter note:
2001 ||| RETREEEEATING.
The orc attacks as it pursues you! The orc completely misses you.
2002 ||| RETREEEEATING.
The phantom hits you.
The phantom blinks!
You blink.
Enter note: You shoot an arrow.
The arrow hits the phantom but does no damage.
The phantom is moderately damaged.
The phantom misses you.
2004 ||| RETREEEEATING.
The phantom attacks as it pursues you! The phantom misses you.
Enter note:
Enter note:
2005 ||| RETREEEEATING.
The phantom attacks as it pursues you! The phantom hits you.
The ogre misses you.
Enter note:
2006 ||| RETREEEEATING.
The phantom attacks as it pursues you! The phantom barely misses you.
The orc closely misses you.
Enter note:
2007 ||| RETREEEEATING.
The orc barely misses you. x2; Something hits you.
Enter note:
2008 ||| RETREEEEATING.
You shoot an arrow. The orc hits you with a +0 club.
You die...

.## ..# ###.. ##..#
###.#.... ####..###
.#.......$ ##.......#
.(..#...# #........###
#..#...######.........##.
###......##.##@W..........
#...........#.oo..........
###............oO...........
#.............<...........#
#..........>...........#....
##.............<......###.#.
.............#..........#.#.
...S........##..............
............##.....$##....?.


You could see an ogre, a phantom and 3 orcs.

Vanquished Creatures
  An orc wizard (D:3)
  2 adders (D:2)
  4 dart slugs
  3 ribbon worms
  4 orcs
  5 ball pythons
  8 endoplasms
  A giant cockroach (D:2)
  9 goblins
  10 hobgoblins
  4 quokkas
  10 bats
  8 frilled lizards
  7 kobolds
  8 rats
84 creatures vanquished.

Notes
Turn   | Place    | Note
-------+----------+-------------------------------------------
     0 | D:1      | qw the Demigod Hunter began the quest for the Orb.
     0 | D:1      | Reached XP level 1. HP: 17/17 MP: 3/3
     0 | D:1      | 0 ||| qw: Version: 0.3-a-155-g5e7d8dd
     0 | D:1      | 0 ||| qw: Game counter: 467
     0 | D:1      | 0 ||| qw: Melee chars always use a shield: true
     0 | D:1      | 0 ||| qw: God list: Okawaru
     0 | D:1      | 0 ||| qw: Allow faded altars: false
     0 | D:1      | 0 ||| qw: Do Orc after clearing Dungeon:15 true
     0 | D:1      | 0 ||| qw: Do second Lair branch before Depths: true
     0 | D:1      | 0 ||| qw: Lair rune preference: random
     0 | D:1      | 0 ||| qw: Goals: Normal
     0 | D:1      | 0 ||| PLANNING D:1-11
    64 | D:1      | Reached skill level 4 in Ranged Weapons
    77 | D:1      | Reached XP level 2. HP: 16/24 MP: 4/4
   397 | D:1      | You fall into a shaft and drop 1 floor!
   408 | D:2      | Reached XP level 3. HP: 29/29 MP: 5/5
   423 | D:2      | Found Heepunku's Book Emporium.
   479 | D:2      | Found Gyabriaf's Jewellery Boutique.
   488 | D:2      | 488 ||| SHOPLISTING +4 ring of slaying (780 gold, have 55).
   488 | D:2      | 488 ||| SHOPLISTING amulet of Maled {rElec Regen+ Str+3
                  | Dex-5 Stlth+} (426 gold, have 55).
   488 | D:2      | 488 ||| SHOPLISTING ring of positive energy (200 gold, have
                  | 55).
   488 | D:2      | 488 ||| SHOPLISTING ring of protection from cold (250 gold,
                  | have 55).
   508 | D:2      | Found Citeogab's Book Shop.
   551 | D:2      | Found Fisch's Weapon Shop.
   695 | D:2      | 695 ||| READING scroll labelled CALYOTA DIEQ.
   696 | D:2      | 696 ||| READING scroll labelled QYHERA TASKOOG.
   699 | D:2      | 699 ||| READING scroll labelled MOABLI ESEUNI.
   699 | D:2      | 699 ||| IDENTIFYING purple potion
   700 | D:2      | 700 ||| READING scroll labelled JUNGUBI YRUW.
   701 | D:2      | 701 ||| DRINKING 3 bubbling pink potions.
   702 | D:2      | 702 ||| DROPPING scroll of butterflies.
   703 | D:2      | 703 ||| DROPPING potion of degeneration.
   709 | D:2      | Found Tess's Distillery.
   714 | D:2      | 714 ||| FLEEEEING.
   715 | D:2      | 715 ||| STAIRDANCE
   931 | D:1      | 931 ||| READING scroll labelled ZIBIDE CACUTOY.
   933 | D:1      | 933 ||| Stepping ~*~*~tactically~*~*~ (cloud).
   934 | D:1      | 934 ||| DRINKING 2 potions of curing.
   934 | D:1      | 934 ||| (to cure poison)
  1064 | D:2      | 1064 ||| BUYING potion of curing (33 gold).
  1064 | D:2      | Bought a potion of curing for 33 gold pieces
  1064 | D:2      | 1064 ||| SHOPLISTING potion of haste (110 gold, have 22).
  1064 | D:2      | 1064 ||| SHOPLISTING potion of heal wounds (55 gold, have
                  | 22).
  1342 | D:2      | Reached skill level 5 in Ranged Weapons
  1342 | D:2      | Reached XP level 4. HP: 36/36 MP: 6/6
  1355 | D:2      | 1355 ||| READING scroll of identify.
  1355 | D:2      | 1355 ||| IDENTIFYING bubbling amethyst potion
  1356 | D:2      | 1356 ||| READING scroll labelled BOGOEH KOICK.
  1383 | D:3      | 1383 ||| STAIRDANCE
  1388 | D:3      | 1388 ||| STAIRDANCE
  1540 | D:3      | HP: 5/36 [kobold/+3 short sword (6)]
  1541 | D:3      | 1541 ||| DRINKING potion of heal wounds.
  1701 | D:3      | Noticed a +0 dagger
  1701 | D:3      | Noticed a +0 hand axe
  1939 | D:3      | 1939 ||| DROPPING ring of magical power.
  1940 | D:3      | 1940 ||| READING scroll labelled IMUAGUCEMN.
  1940 | D:3      | 1940 ||| BRANDING +0 shortbow.
  1969 | D:4      | Noticed a phantom
  1970 | D:4      | 1970 ||| RETREEEEATING.
  1971 | D:4      | 1971 ||| RETREEEEATING.
  1972 | D:4      | 1972 ||| RETREEEEATING.
  1973 | D:4      | 1973 ||| RETREEEEATING.
  1974 | D:4      | 1974 ||| DRINKING 2 potions of curing.
  1974 | D:4      | 1974 ||| (to cure confusion)
  1975 | D:4      | 1975 ||| RETREEEEATING.
  1977 | D:4      | 1977 ||| RETREEEEATING.
  1978 | D:4      | 1978 ||| RETREEEEATING.
  1979 | D:4      | 1979 ||| RETREEEEATING.
  1979 | D:4      | Noticed an ogre
  1980 | D:4      | 1980 ||| RETREEEEATING.
  1981 | D:4      | 1981 ||| RETREEEEATING.
  1982 | D:4      | 1982 ||| RETREEEEATING.
  1988 | D:4      | 1988 ||| RETREEEEATING.
  1989 | D:4      | 1989 ||| RETREEEEATING.
  1993 | D:4      | 1993 ||| RETREEEEATING.
  1994 | D:4      | 1994 ||| RETREEEEATING.
  1995 | D:4      | 1995 ||| RETREEEEATING.
  1996 | D:4      | 1996 ||| RETREEEEATING.
  1997 | D:4      | 1997 ||| RETREEEEATING.
  1998 | D:4      | 1998 ||| RETREEEEATING.
  1999 | D:4      | 1999 ||| RETREEEEATING.
  1999 | D:4      | HP: 8/36 [phantom (2)]
  2000 | D:4      | 2000 ||| RETREEEEATING.
  2001 | D:4      | 2001 ||| RETREEEEATING.
  2002 | D:4      | 2002 ||| RETREEEEATING.
  2002 | D:4      | HP: 3/36 [phantom (6)]
  2004 | D:4      | 2004 ||| RETREEEEATING.
  2005 | D:4      | 2005 ||| RETREEEEATING.
  2006 | D:4      | 2006 ||| RETREEEEATING.
  2007 | D:4      | 2007 ||| RETREEEEATING.
  2007 | D:4      | HP: 1/36 [something (1)]
  2008 | D:4      | 2008 ||| RETREEEEATING.
  2008 | D:4      | Slain by an orc

Levels and vault maps discovered:
D:1:      kennysheep_arrival_seaside, layout_basic,
          chequers_serial_rivers_large_b, minivault_14, minmay_hedge_maze,
          serial_bayou_pond_b, kennysheep_decorative_pillar,
          chequers_serial_rivers_marsh, minmay_misc_feat_columns
D:2:      layout_loops_ring, basic_altar, serial_shops, shop, shop,
          shop_fountains, shop, nicolae_shop_crystal, kennysheep_flooded_box
D:3:      layout_rooms, dancing_weapons_uskayaw
D:4:      layout_cave_pools, minmay_a_box_with_orc_wizards_in_it

Skill      XL: |  1  2  3 |
---------------+----------+-----
Ranged Weapons | 4 5 |  5.6
Fighting       | 2 |  2.0
Dodging        | 2 |  2.1
Stealth        | |  0.8

Action                     |  1- 3 |  4- 6 || total
---------------------------+-------+-------++-------
   Fire: Shortbow          |   121 |    87 ||   208
    Use: Scroll            |     5 |     3 ||     8
         Potion            |     2 |     2 ||     4
 Armour: Leather armour    |    15 |    50 ||    65
  Dodge: Dodged            |    13 |    49 ||    62

Table legend:
 A = Non-vault XP
 B = Vault XP
 C = Vault XP percentage of total XP
 D = Non-vault monster count
 E = Vault monster count
 F = Vault count percentage of total count
                 A         B        C        D         E       F
            +---------+---------+-------+---------+---------+-------
      Total |     206 |       7 |   3.3 |      80 |       4 |   4.8
            +---------+---------+-------+---------+---------+-------
        D:1 |      40 |       7 |  14.9 |      25 |       4 |  13.8
        D:2 |      79 |       0 |   0.0 |      30 |       0 |   0.0
        D:3 |      82 |       0 |   0.0 |      23 |       0 |   0.0
        D:4 |       5 |       0 |   0.0 |       2 |       0 |   0.0
            +---------+---------+-------+---------+---------+-------
